 Dungeon Crawl Stone Soup version 0.19-a0-975-gfff5315 (webtiles) character file.

288 Charly the Slasher (level 6, -2/51 HPs)
             Began as a Centaur Monk on July 13, 2016.
             Slain by a hound (3 damage)
             ... on level 5 of the Dungeon.
             The game lasted 00:17:10 (1087 turns).

Charly the Slasher (Centaur Monk)                   Turns: 1087, Time: 00:17:11

Health: -2/51      AC:  7    Str: 14    XL:     6   Next: 9%
Magic:  6/6        EV:  7    Int:  9    God:
Gold:   20         SH:  0    Dex: 13    Spells: 0 memorised, 5 levels left

rFire  . . .     SeeInvis .     a - +0 falchion
rCold  . . .     Gourm    .     q - +0 scale mail
rNeg   . . .     Faith    .     (no shield)
rPois  .         Spirit   .     (no helmet)
rElec  .         Dismiss  .     (no cloak)
rCorr  .         Reflect  .     r - +0 pair of gloves
SustAt .         Harm     .     (no barding)
MR     .....                    (no amulet)
Stlth  ..........               (no ring)
                                (no ring)

@: very quick, not resistant to hostile enchantments, extremely unstealthy
A: hooves 3, deformed body, speed 2, tough skin 3
a: no special abilities


You were on level 5 of the Dungeon.
You were not hungry.

You visited 1 branch of the dungeon, and saw 6 of its levels.

You collected 20 gold pieces.

Inventory:

Hand Weapons
 a - a +0 falchion (weapon)
Armour
 q - a +0 scale mail (worn)
 r - a +0 pair of gloves (worn)
Wands
 n - a wand of confusion (0/48)
 p - a wand of random effects (11/48)
Scrolls
 b - a scroll of enchant armour {unknown}
 d - a scroll of noise {unknown}
 f - a scroll of remove curse {unknown}
 j - a scroll of fog {unknown}
Potions
 e - 2 potions of cancellation
 g - a potion of heal wounds {unknown}
 h - 2 potions of brilliance
 i - a potion of haste
 m - a potion of magic {unknown}
 o - 2 potions of lignification
Comestibles
 c - 2 bread rations
 l - a meat ration


   Skills:
 + Level 3.1 Fighting
 + Level 6.2 Long Blades
 - Level 2.1 Dodging
 - Level 1.2 Stealth


You had 5 spell levels left.
You didn't know any spells.

Dungeon Overview and Level Annotations

Branches:
Dungeon (6/15)
 Temple: D:4-7

Altars:
Cheibriados
Dithmenos
Fedhas
Okawaru
Pakellas
Vehumet
Xom

Annotations:
D:4 exclusion: downstairs


Innate Abilities, Weirdness & Mutations

You have hooves in place of feet.
Armour fits poorly on your strangely shaped body.
You cover ground very quickly.
You have extremely tough skin. (AC +3)


Message History

The hound barely misses you.
You riposte.
You completely miss the hound. You kick the hound.
The hound is moderately wounded.
The crimson imp summons a swarm of flies.
You completely miss the hound.
The hound is moderately wounded.
The hound bites you but does no damage.
The crimson imp blinks!
The hound bites you.
* * * LOW HITPOINT WARNING * * *
Unknown command.
You barely miss the hound. Your kick misses the hound.
The hound is moderately wounded.
The hound bites you.
* * * LOW HITPOINT WARNING * * *
You hit the hound. You kick the hound.
The hound is severely wounded.
The hound bites you.
* * * LOW HITPOINT WARNING * * *
The hound bites you.
You die...

#.# #.##
#.# .#..
... .....
#.# ..#.#
#.#
#####....#
#.#
....#...#.#
#.#
...........
#@# #<..#
##h## #...#


#ohh# #...... #...# ##..#..# #...# ..#..#. #.ยง.# .....h.####...#####
.#...#..h!......... ................... You could see a hound, an orc and 2
jackals.

Vanquished Creatures
  A scorpion (D:4)
  A crimson imp (D:5)
  2 hounds
  A jelly (D:5)
  A giant frog skeleton (D:4)
  An orc wizard (D:5)
  A gnoll (D:2)
  An ooze (D:5)
  2 giant geckos
  8 orcs
  4 bats
  2 giant cockroaches
  2 hobgoblins
  5 jackals
  3 kobolds
  2 rats
37 creatures vanquished.

Notes
Turn   | Place    | Note
-------+----------+-------------------------------------------
     0 | D:1      | Charly the Centaur Monk began the quest for the Orb.
     0 | D:1      | Reached XP level 1. HP: 19/19 MP: 1/1
    43 | D:1      | Reached skill level 3 in Long Blades
   131 | D:3      | Noticed an orc wizard
   148 | D:2      | Reached XP level 2. HP: 26/26 MP: 2/2
   377 | D:2      | Reached XP level 3. HP: 22/31 MP: 3/3
   493 | D:4      | Found a radiant altar of Vehumet.
   558 | D:4      | Found a shadowy altar of Dithmenos.
   562 | D:4      | Found a snail-covered altar of Cheibriados.
   565 | D:4      | Found an oddly glowing altar of Pakellas.
   668 | D:4      | Noticed a scorpion
   680 | D:4      | Killed a scorpion
   680 | D:4      | Reached skill level 4 in Long Blades
   680 | D:4      | Reached XP level 4. HP: 34/38 MP: 4/4
   684 | D:5      | Entered Level 5 of the Dungeon
   684 | D:5      | Noticed an ogre
   707 | D:4      | Reached skill level 5 in Long Blades
   715 | D:4      | Reached XP level 5. HP: 20/45 MP: 5/5
   767 | D:4      | Found a shimmering altar of Xom.
   857 | D:5      | Found a blossoming altar of Fedhas.
   951 | D:5      | Reached skill level 6 in Long Blades
   962 | D:5      | Found an iron altar of Okawaru.
  1052 | D:5      | Reached XP level 6. HP: 14/51 MP: 6/6
  1087 | D:5      | HP: 1/51 [hound (5)]
  1087 | D:5      | Slain by a hound

Vault maps used:
D:1:      roderic_dead_forest, minmay_misc_feat_pillars
D:2:      minmay_box_of_dots
D:3:      lemuel_crystal_altar
D:4:      minmay_overflow_temple_star_quad, vehumet_crystals, xom_butterflies,
          grunt_ministairs_13, trog_butcher_becter
D:5:      kennysheep_mini_moat, zin_statuary, first_bread, fedhas_altar_2,
          uniq_blork_the_orc
D:6:      serial_shops, nicolae_shop_behind_doors

Skill      XL: |  1  2  3  4  5 |
---------------+----------------+-----
Long Blades    | 3 4 5 6 |  6.2
Fighting       | |  3.1
Dodging        | |  2.1
Stealth        | |  1.2

Action                   |  1- 3 |  4- 6 || total
-------------------------+-------+-------++-------
Melee: Falchion          |    60 |   123 ||   183
       Kick              |    13 |    27 ||    40
Evoke: Wand              |     4 |    11 ||    15
  Use: Scroll            |       |     4 ||     4
 Stab: Confused          |     1 |     2 ||     3
  Eat: Beef jerky        |     1 |       ||     1
Armor: Robe              |     4 |       ||     4
       Skin              |     6 |       ||     6
       Ring mail         |     3 |     9 ||    12
       Scale mail        |       |    37 ||    37
Dodge: Dodged            |    24 |    27 ||    51
